 Dungeon Crawl Stone Soup version 0.31.0-12-g77e489cdc1 (webtiles) character file.

Game seed: 13849589827951366015

8733 hawla the Protected (level 11, 0/126 HPs)
             Began as a Minotaur Fighter on Feb 17, 2024.
             Was a Follower of Yredelemnul.
             Succumbed to a killer bee's poison
             ... on level 9 of the Dungeon.
             The game lasted 00:18:06 (8207 turns).

hawla the Protected (Minotaur Fighter)              Turns: 8207, Time: 00:18:07

Health: 0/126      AC: 25    Str: 25    XL:     11   Next: 13%
Magic:  26/26      EV:  2    Int:  5    God:    Yredelemnul [*.....]
Gold:   595        SH:  6    Dex: 10    Spells: 10/10 levels left

rFire   . . .        s - +1 war axe (venom)
rCold   . . .        c - +1 buckler
rNeg    . . .        v - melded +0 plate armour
rPois   +            (helmet currently unavailable)
rElec   .            (cloak currently unavailable)
rCorr   .            (gloves currently unavailable)
SInv    .            h - melded +0 pair of boots
Will    .....        n - amulet of guardian spirit
Stlth   +            k - +5 ring of evasion
HPRegen 0.41/turn    t - ring of magical power
MPRegen 0.20/turn

%: guardian spirit
@: mighty, lethally poisoned (0 -> -3), tree-form
A: stationary, stasis, torment immunity, boosted hp, (horns 2), (retaliatory
headbutt)
a: Renounce Religion, Recall Undead Harvest


You were on level 9 of the Dungeon.
You worshipped Yredelemnul.
Yredelemnul was aware of your devotion.
You were a tree.
You visited 2 branches of the dungeon, and saw 10 of its levels.

You collected 595 gold pieces.

Inventory:

Hand Weapons
 j - the +10 spear of the Queen {speed, MP+9}
   (You found it on level 7 of the Dungeon)

   MP+9:      It affects your magic capacity (+9).
 q - a +0 hand axe of flaming
 s - a +1 war axe of venom (weapon)
Missiles
 i - 14 poisoned darts (quivered)
 x - a curare-tipped dart
Armour
 c - a +1 buckler (worn)
 h - a +0 pair of boots (melded)
 v - a +0 plate armour (melded)
Jewellery
 k - a +5 ring of evasion (left branch)
 m - a ring of protection from cold
 n - an amulet of guardian spirit (around neck)
 t - a ring of magical power (right branch)
Wands
 f - a wand of flame (25)
 u - a wand of digging (4)
Scrolls
 b - a scroll of revelation
 d - 4 scrolls of identify
 g - 2 scrolls of teleportation
 o - 2 scrolls of blinking
 p - 2 scrolls of vulnerability
 y - 2 scrolls of fear
Potions
 a - a potion of lignification
 e - 3 potions of enlightenment
 l - a potion of brilliance
 r - a potion of haste


   Skills:
 - Level 4.0 Fighting
 - Level 2.4(4.8) Axes
 + Level 6.4(6.7) Polearms
 - Level 6.0 Throwing
 - Level 10.0 Armour
 - Level 8.0 Dodging
 - Level 5.0 Shields
 - Level 10.0 Invocations
 - Level 3.0 Evocations


You had 10 spell levels left.
You didn't know any spells.
Your spell library was empty.

Dungeon Overview and Level Annotations

Branches:
Dungeon (9/15)             Temple (1/1) D:5
   Lair: D:8-11         Orc: D:9-12

Altars:
Ashenzari
Cheibriados
Dithmenos
Elyvilon
Fedhas
Gozag
Kikubaaqudgha
Makhleb
Nemelex Xobeh
Okawaru
Qazlal
Ru
Sif Muna
Trog
Uskayaw
Vehumet
Wu Jian
Xom
Yredelemnul
Zin
The Shining One

Shops:
D:6 (

Annotations:
D:9 1 transporter, Gadfly's ghost, journeyman KoHu
Temple 2 transporters


Innate Abilities, Weirdness & Mutations

You are a tree.
Your roots penetrate the ground, keeping you stationary.
You cannot be teleported.
You are immune to unholy pain and torment.
Your maximum health is greatly increased.
Your equipment is partially melded.
((You have a pair of horns on your head.))
((You reflexively headbutt those who attack you in melee.))


Message History

Your killer bee zombie completely misses Gadfly's ghost.
The killer bee stings you but does no damage.
Your killer bee zombie completely misses Gadfly's ghost.
The killer bee stings you but does no damage.
Gadfly's ghost completely misses your killer bee zombie.
The water moccasin bites your killer bee zombie!
You slice the killer bee!!
You kill the killer bee!
The dead are flying!
You can now drain ambient life force.
* * * LOW HITPOINT WARNING * * *
You feel very sick.
Your killer bee zombie misses the water moccasin.
The water moccasin closely misses your killer bee zombie.
Your killer bee zombie closely misses the water moccasin.
Gadfly's ghost hits your killer bee zombie.
You can no longer drain ambient life force.
* * * LOW HITPOINT WARNING * * *
You feel very sick.
Your killer bee zombie hits Gadfly's ghost but does no damage.
The water moccasin completely misses your killer bee zombie.
Gadfly's ghost hits your killer bee zombie.
Your killer bee zombie completely misses Gadfly's ghost.
The water moccasin closely misses your killer bee zombie.
* * * LOW HITPOINT WARNING * * *
You feel sick.
Your killer bee zombie barely misses Gadfly's ghost.
The water moccasin bites your killer bee zombie.
Your killer bee zombie is destroyed!
Gadfly's ghost whispers, "The ORB doesn't exist."
Gadfly's ghost hits your killer bee zombie.
* * * LOW HITPOINT WARNING * * *
You feel sick.
Your killer bee zombie hits Gadfly's ghost.
The water moccasin misses your killer bee zombie.
Your killer bee zombie closely misses Gadfly's ghost.
Gadfly's ghost hits your killer bee zombie.
The water moccasin barely misses your killer bee zombie.
You die...
Your body rises from the dead as a mindless zombie.

#≈..○~.≈.##.ZZ.#...#....#######..
.≈...☼.≈.#########.....####...Z.#
.≈≈~~.§≈Z# ##..........#####
..≈≈≈≈§Z## ##........######ZZ
..####Z## #####............##.Z#
.Z..##Z## #...................Z#
###.#...####....####ZZZ####..#.#.
#.#Z#...[...###..#####..##.#Z##
###.#.######Z##.♣#..$)[....#.ZZZ.
.##.).######.#....###[..##.##Z###
.#..###......##.#.ZW..#Z....#.#
.#..###.......#©..#S.©..##.y#.#
..............#..##..#......#.#
...#.#.#...Z..#....#...#...##.#
.......###..#.##......#....#ZZ#
...#.#.....##..##y###..#####Z####
#......##.......###©####.....ZZZ.


You could see a water moccasin, Gadfly's ghost (ally target) and a friendly
killer bee zombie.

Vanquished Creatures
  A moth of wrath (D:9)
  The ghost of popoopuu the Cleaver, a novice MiBe of Trog (D:5)
  Maggie (D:7)
  A komodo dragon (D:9)
  A kobold demonologist (D:9)
  A hornet (D:7)
  8 yaks (D:9)
  2 wyverns
  A steam dragon (D:8)
  Grum (D:8)
  A vampire mosquito (D:8)
  Menkaure (D:5)
  A swamp worm (D:8)
  An acid dragon (D:9)
  A water moccasin (D:7)
  2 orc warriors
  3 ice beasts
  An ogre (D:5)
  2 centaurs
  A kobold brigand (D:8)
  3 bullfrogs
  A gnoll sergeant (D:7)
  2 scorpions (D:5)
  2 wights (D:9)
  15 killer bees
  An orc priest (D:4)
  A gnoll bouda (D:7)
  3 hounds
  3 jellies
  Ijyb (D:5)
  Terence (D:2)
  2 iguanas
  A sleepcap (D:7)
  6 orc wizards
  Robin (D:2)
  14 gnolls
  7 adders
  A shadow imp (D:6)
  A white imp (D:8)
  3 ufetubi (D:6)
  A ribbon worm (D:3)
  4 dart slugs
  27 orcs
  4 ball pythons
  6 endoplasms
  3 giant cockroaches
  12 goblins
  13 hobgoblins
  4 quokkas
  A bat (D:3)
  2 frilled lizards
  8 kobolds
  6 rats
192 creatures vanquished.

Vanquished Creatures (collateral kills)
  Joseph (D:7)
  A troll (D:9)
  A hornet (D:8)
  2 yaks (D:9)
  2 vampire mosquitoes (D:8)
  A water moccasin (D:6)
  2 wolves (D:8)
  An ogre (D:6)
  A scorpion (D:7)
  A wight (D:9)
  4 killer bees
  A howler monkey (D:9)
  An iguana (D:6)
  A gnoll (D:7)
  3 ufetubi
  A kobold (D:8)
24 creatures vanquished.

Vanquished Creatures (others)
  A two-headed ogre (D:9)
  A kobold demonologist (D:9)
  A troll (D:9)
  A wyvern (D:9)
  A bullfrog (D:9)
  A wyvern zombie (D:8)
  A wight (D:9)
  A troll zombie (D:9)
  2 yak zombies (D:9)
  A wolf zombie (D:8)
  A bullfrog zombie (D:8)
  A centaur zombie (D:9)
  A gnoll bouda (D:9)
  An orc wizard (D:4)
  5 killer bee zombies
  2 gnoll zombies (D:7)
  4 kobold zombies (D:8)
  2 orc zombies
28 creatures vanquished.

Grand Total: 244 creatures vanquished

Notes
Turn   | Place    | Note
-------+----------+-------------------------------------------
     0 | D:1      | hawla the Minotaur Fighter began the quest for the Orb.
     0 | D:1      | Reached XP level 1. HP: 19/19 MP: 0/0
   131 | D:1      | Reached XP level 2. HP: 27/27 MP: 1/1
   718 | D:2      | Noticed Terence
   732 | D:2      | Killed Terence
   733 | D:2      | Reached skill level 5 in Shields
   733 | D:2      | Reached skill level 1 in Dodging
   733 | D:2      | Reached XP level 3. HP: 11/33 MP: 2/2
   992 | D:2      | Reached XP level 4. HP: 40/40 MP: 3/3
  1007 | D:2      | You fall into a shaft and drop 2 floors!
  1047 | D:4      | Identified the +3 dagger of Mutilation {protect, Int+2}
  1071 | D:3      | Found a radiant altar of Vehumet.
  1096 | D:2      | Noticed Robin
  1103 | D:2      | Reached XP level 5. HP: 35/46 MP: 4/4
  1118 | D:2      | Killed Robin
  2455 | D:4      | Reached skill level 5 in Dodging
  2600 | D:4      | Reached XP level 6. HP: 49/52 MP: 5/5
  2656 | D:4      | Found a blossoming altar of Fedhas.
  2740 | D:4      | Found a sacrificial altar of Ru.
  3082 | D:5      | Entered Level 5 of the Dungeon
  3082 | D:5      | Noticed Ijyb
  3089 | D:5      | Killed Ijyb
  3126 | D:5      | Noticed Menkaure
  3130 | D:5      | Killed Menkaure
  3131 | D:5      | Reached XP level 7. HP: 56/59 MP: 6/6
  3431 | D:5      | Reached skill level 1 in Evocations
  3569 | D:5      | Found a runed translucent gate.
  3569 | D:5      | Found a runed translucent gate.
  3570 | D:5      | Found a runed translucent gate.
  3570 | D:5      | Noticed popoopuu's ghost (novice MiBe)
  3609 | D:5      | Found a staircase to the Ecumenical Temple.
  3734 | D:5      | Reached skill level 1 in Throwing
  3740 | D:5      | Reached XP level 8. HP: 56/66 MP: 7/7
  4044 | Temple   | Found a transporter.
  4044 | Temple   | Found a transporter.
  4044 | Temple   | Found a transporter.
  4044 | Temple   | Found a transporter.
  4044 | Temple   | Entered the Ecumenical Temple
  4057 | Temple   | Became a worshipper of Yredelemnul the Dark
  4096 | D:5      | Killed popoopuu's ghost
  4097 | D:5      | Reached skill level 5 in Throwing
  4099 | D:5      | Reached * piety under Yredelemnul
  4206 | D:6      | Found Laanill's Antique Weapon Shop.
  4352 | D:6      | Reached skill level 1 in Invocations
  4496 | D:6      | Reached ** piety under Yredelemnul
  4599 | D:6      | Reached skill level 5 in Armour
  5170 | D:7      | Noticed Maggie
  5175 | D:7      | Reached XP level 9. HP: 48/71 MP: 10/10
  5193 | D:7      | HP: 5/106 [Maggie/+0 halberd of flaming (4)]
  5195 | D:7      | Killed Maggie
  5508 | D:7      | Found an ancient bone altar of Kikubaaqudgha.
  5576 | D:7      | Noticed Joseph
  5592 | D:7      | Reached *** piety under Yredelemnul
  5593 | D:7      | Killed Joseph
  5594 | D:7      | Reached skill level 5 in Invocations
  5800 | D:7      | Found a broken altar of Ashenzari.
  5819 | D:7      | Reached **** piety under Yredelemnul
  5866 | D:7      | Identified the +10 spear of the Queen {speed, MP+9}
  5929 | D:7      | Reached ***** piety under Yredelemnul
  6388 | D:8      | Noticed Grum
  6397 | D:8      | Killed Grum
  6398 | D:8      | Reached XP level 10. HP: 73/78 MP: 14/14
  6460 | D:8      | Paralysed by a hornet for 1 turns
  6723 | D:8      | Identified the +1 ring mail of the Worm {*Corrode Dex+2
                  | Slay+3}
  6995 | D:8      | Identified the +0 robe of Dogma {Stlth+}
  7125 | D:9      | Found an opulent altar of Gozag.
  7172 | D:9      | Found a transporter.
  7183 | D:9      | Found a transporter.
  7186 | D:9      | Noticed Gadfly's ghost (journeyman KoHu)
  7190 | D:9      | Noticed a moth of wrath
  7211 | D:9      | Found a white marble altar of Elyvilon.
  7253 | D:9      | Reached skill level 10 in Armour
  7320 | D:9      | Found a shimmering altar of Xom.
  7320 | D:9      | Noticed a two-headed ogre
  7326 | D:9      | Killed a two-headed ogre
  7335 | D:9      | Noticed a sixfirhy
  7571 | D:9      | Reached ****** piety under Yredelemnul
  7636 | D:9      | Reached skill level 10 in Invocations
  7636 | D:9      | Reached skill level 1 in Polearms
  8182 | D:9      | Reached XP level 11. HP: 74/84 MP: 17/17
  8186 | D:9      | Reached skill level 5 in Polearms
  8203 | D:9      | HP: 6/126 [poisoned by a killer bee]
  8205 | D:9      | HP: 2/126 [poisoned by a killer bee]
  8207 | D:9      | Succumbed to a killer bee's poison

Illustrated notes

Levels and vault maps discovered:
D:1:      amcnicky_arrival_gap_in_the_tavern_cellar, layout_basic
D:2:      layout_basic, serial_corexii_hall, corexii_hall_statues_i,
          corexii_hall_statues_t, corexii_hall_statues_x,
          corexii_hall_statues_l, uniq_robin, uniq_terence
D:3:      layout_rooms, mainiacjoe_overflow_catwalk, dreamdust_princess_bridge
D:4:      layout_loops_ring, mainiacjoe_overflow_paths, lemuel_round_altar
D:5:      layout_loops_ring, temple_doors_e, gammafunk_ghost_split,
          uniq_menkaure, uniq_ijyb
D:6:      layout_gridville, serial_shops, nicolae_shop_advertising_works
          [nicolae_subvault_shop_adworks]
D:7:      layout_rooms, amcnicky_altar_gilded,
          mainiacjoe_overflow_surrounded_room, corner_web_ring, uniq_joseph,
          uniq_maggie
D:8:      layout_loops_ring, worms_lemuel, uniq_grum
D:9:      layout_rooms, grunt_gozag_breadcrumbs, elyvilon_altar_1,
          xom_confusion_cloud, gammafunk_ghost_berserking_beasts,
          serial_co_window_serial, co_window_corner_a, co_window_paths_a,
          co_window_paths_b, co_window_of_opportunity_a, co_window_corner_a,
          co_window_2corner, co_window_of_opportunity_b,
          co_window_unsneaky_path_b, co_window_corner_b, glass_columns_a,
          glass_columns_a, glass_columns_b, glass_columns_a, evilmike_butchery
Temple:   hellmonk_temple_divided_pantheon

Skill      XL: |  1  2  3  4  5  6  7  8  9 10 11 |
---------------+----------------------------------+-----
Fighting       | 4 |  4.0
Shields        | 4 5 |  5.0
Dodging        | 1 2 4 5 7 8 |  8.0
Evocations     | 3 |  3.0
Throwing       | 2 6 |  6.0
Armour         | 5 9 10 | 10.0
Invocations    | 3 6 10 | 10.0
Polearms       | 4 6 |  6.4
Axes           | |  2.4

Action                     |  1- 3 |  4- 6 |  7- 9 | 10-12 || total
---------------------------+-------+-------+-------+-------++-------
  Melee: War axe           |    57 |   105 |   129 |     5 ||   296
         Headbutt          |     7 |    15 |    20 |    25 ||    67
         Spear             |       |       |    22 |   198 ||   220
  Throw: Dart              |     5 |       |       |       ||     5
 Invoke: Recall Undead Har |       |       |       |     1 ||     1
  Evoke: Wand              |       |       |     8 |       ||     8
    Use: Scroll            |     1 |    12 |     6 |     3 ||    22
         Potion            |       |       |     8 |     3 ||    11
 Armour: Scale mail        |    34 |    38 |    66 |       ||   138
         Skin              |       |     4 |     6 |     3 ||    13
         Plate armour      |       |       |    55 |   100 ||   155
  Dodge: Dodged            |    33 |    65 |   160 |    84 ||   342
  Block: Buckler           |    16 |    32 |    48 |    49 ||   145
